 Dungeon Crawl Stone Soup version 0.31-a0-1178-gc5c9b8f871 (webtiles) character file.

Game seed: 2946839749678965224

283817 qw the Slayer (level 20, -11/145 HPs)
             Began as a Gargoyle Hunter on Dec 11, 2023.
             Was the Champion of Okawaru.
             Mangled by a merfolk
             ... wielding a +0 trident
             ... led by a merfolk javelineer
              (16 damage)
             ... on level 4 of the Shoals.
             The game lasted 00:20:34 (31941 turns).

qw the Slayer (Gargoyle Hunter)                    Turns: 31941, Time: 00:20:35

Health: -11/145    AC: 37    Str: 20    XL:     20   Next: 97%
Magic:  27/27      EV: 31    Int: 11    God:    Okawaru [******]
Gold:   1759       SH:  0    Dex: 28    Spells: 19/19 levels left

rFire   + . .        C - +5 hand cannon (chaos)
rCold   . . .        (no shield)
rNeg    + . .        D - +3 ring mail {Will+}
rPois   inf          b - +2 helmet
rElec   +            i - +0 cloak of the Original Sin {+Blink Str+3 Int-4 Slay+3}
rCorr   .            w - +1 pair of gloves of Ibotosac {Dex+3}
SInv    .            m - +2 pair of boots
Will    ++...        z - amulet of faith
Stlth   ++           v - ring "Jagaafyo" {^Drain rF+ Int+4 Dex+6}
HPRegen 0.44/turn    a - +5 ring of evasion
MPRegen 0.20/turn

%: faith
@: flying, mesmerised
A: sickness immunity, AC +15, big wings, negative energy resistance 1,
electricity resistance, torment resistance 1, petrification resistance
}: 1/15 runes: serpentine
a: Renounce Religion, Evoke Blink, Heroism, Finesse, Duel


You were on level 4 of the Shoals.
You worshipped Okawaru.
Okawaru was exalted by your worship.
You visited 7 branches of the dungeon, and saw 35 of its levels.
You also visited: Sewer.

You collected 3915 gold pieces.
You spent 2156 gold pieces at shops.


Innate Abilities, Weirdness & Mutations

You are immune to sickness and miasma.
Your stone body is resilient. (AC +15)
You are immune to poison.
Your large and strong wings let you fly.
You resist negative energy. (rN+)
You are resistant to electric shocks. (rElec)
You are resistant to unholy torment.
You are immune to petrification.


   Skills:
 - Level 21.9 Fighting
 + Level 20.8 Ranged Weapons
 - Level 14.0 Armour
 - Level 16.0 Dodging
 - Level 1.1 Stealth
 - Level 10.0 Invocations


You had 19 spell levels left.
You didn't know any spells.
Your spell library was empty.

Inventory:

Hand Weapons
 C - a +5 hand cannon of chaos (weapon)
Armour
 b - a +2 helmet (worn)
 i - the +0 cloak of the Original Sin (worn) {+Blink Str+3 Int-4 Slay+3}
   (Okawaru gifted it to you on level 5 of the Lair of Beasts)

   Str+3:     It affects your strength (+3).
   Int-4:     It affects your intelligence (-4).
   Slay+3:    It affects your accuracy & damage with ranged weapons and melee
   (+3).
   +Blink:    It lets you blink.
 j - a +1 troll leather armour
 m - a +2 pair of boots (worn)
 w - the +1 pair of gloves of Ibotosac (worn) {Dex+3}
   (You acquired it on level 9 of the Dungeon)

   Dex+3:     It affects your dexterity (+3).
 D - a +3 ring mail of willpower (worn)
 F - a +1 robe of fire resistance
Jewellery
 a - a +5 ring of evasion (right hand)
 u - an amulet of regeneration
 v - the ring "Jagaafyo" (left hand) {^Drain rF+ Int+4 Dex+6}
   (You found it on level 1 of the Lair of Beasts)

   [ring of dexterity]

   Int+4:     It affects your intelligence (+4).
   Dex+6:     It affects your dexterity (+6).
   rF+:       It protects you from fire.
   ^Drain:    It drains your maximum health when unequipped.
 y - a ring of protection from fire
 z - an amulet of faith (around neck)
Wands
 c - a wand of light (26)
 f - a wand of polymorph (8)
 g - a wand of digging (12)
 k - a wand of charming (7)
 A - a wand of roots (39)
Scrolls
 n - 15 scrolls of identify
 G - a scroll of enchant armour
Potions
 d - 2 potions of magic
 h - 5 potions of haste
 l - 7 potions of might
 o - 6 potions of mutation
 p - 8 potions of enlightenment
 s - 14 potions of curing
 B - 4 potions of resistance
 E - a potion of cancellation

Dungeon Overview and Level Annotations

Branches:
Dungeon (15/15)            Temple (1/1) D:7            Lair (5/5) D:11
 Shoals (4/4) Lair:3        Snake (4/4) Lair:3        Slime (0/5) Lair:5
    Orc (2/2) D:11            Elf (0/3) Orc:2        Vaults (4/5) D:13
  Crypt (0/3) Vaults:3     Depths (0/4) D:15          Sewer (visited)

Altars:
Ashenzari
Cheibriados
Dithmenos
Elyvilon
Fedhas
Gozag
Hepliaklqana
Kikubaaqudgha
Makhleb
Nemelex Xobeh
Okawaru
Qazlal
Ru
Sif Muna
Trog
Uskayaw
Vehumet
Wu Jian
Xom
Yredelemnul
Zin
The Shining One
Lugonu

Shops:
D:5 :   D:7 !(   Orc:2 [([(*   Shoals:3 (   Snake:3 (!!   Snake:4 =
Vaults:2 ?

Portals:
Abyss: Lair:5
Trove: D:14 (give +6 demon trident)

Annotations:
D:8 2 transporters


Message History

The merfolk barely misses you.
The merfolk javelineer throws a silver javelin.
The silver javelin completely misses you.
The merfolk completely misses you.
The merfolk siren chants its luring song.
You shoot a bolt. The bolt hits the merfolk javelineer!!!
The merfolk javelineer looks as sick as possible!
The merfolk javelineer is heavily wounded.
The merfolk javelineer throws a silver javelin.
The silver javelin misses you. The merfolk misses you.
The merfolk siren chants its luring song.
The merfolk completely misses you.
You shoot a bolt. The bolt hits the merfolk javelineer.
The merfolk javelineer seems to slow down.
The merfolk javelineer is severely wounded.
The merfolk misses you.
The merfolk javelineer throws a silver javelin.
The silver javelin pierces through you but does no damage.
The merfolk misses you.
The merfolk siren chants its luring song.
You shoot a bolt. The bolt hits the merfolk javelineer!!
You kill the merfolk javelineer!
Okawaru accepts your kill.
You hear a splash. x3
The merfolk throws a boomerang.
The boomerang completely misses you. The merfolk completely misses you.
The merfolk siren completely misses you.
The merfolk throws a boomerang.
The boomerang misses you.
You shoot a bolt.
The bolt hits the merfolk but does no damage.
The merfolk throws a boomerang.
The boomerang closely misses you.
The merfolk siren chants its luring song.
The merfolk hits you but does no damage.
You shoot a bolt. The bolt hits the merfolk!!
The bolt freezes the merfolk!
The merfolk is almost dead.
You hear a shout!
The merfolk misses you.
The merfolk siren chants its luring song.
The merfolk hits you from afar with a +0 trident!
You die...

#~~~m~~~~####
#~~~~~~~~####
#~~~~~~~~####
##~~~~~~~~####
#P~~~~~~~~####
##~~~~~~~~~####
#~.~~~~~0~~####
~~Y~~m~@0~~####
~~Y~~m0~0~~####
~~~~~~m~~~~####
,~~~~~~~~~~~####
.~~~~~~~~~~####
~~~~~~~~~~~####
~~~~~~~~~~~####
.~~~~~~~~~~####


You could see 3 merfolk, a merfolk siren (mesmerising), a yak and a dream sheep.

Vanquished Creatures
  Jory (Vaults:4)
  Nikola (Shoals:3)
  Polyphemus (Shoals:2)
  A sphinx (Vaults:2)
  Kirke (Lair:4)
  2 tengu reavers
  Aizul (Shoals:1)
  Ilsuiw (Shoals:2)
  7 nagarajas
  A frost giant (Shoals:1)
  9 vault wardens
  An orc warlord (Vaults:4)
  2 war gargoyles (Vaults:4)
  11 ironbound preservers
  9 ironbound thunderhulks
  2 formless jellyfish
  A vampire knight (Vaults:3)
  Nessos (Orc:2)
  2 stone giants
  4 dire elephants (Vaults:2)
  6 merfolk impalers
  2 crystal guardians (Vaults:4)
  6 merfolk javelineers
  A deep elf high priest (Vaults:3)
  Josephine (Lair:3)
  An entropy weaver (Vaults:2)
  A hydra (Lair:2)
  7 yaktaur captains
  10 great orbs of eyes
  2 peacekeepers (Vaults:4)
  14 ironbound frosthearts
  2 salamander tyrants
  10 vault guards
  23 two-headed ogres
  2 death knights
  7 centaur warriors
  4 merfolk aquamancers
  4 ogre magi (Orc:2)
  3 catoblepae
  A merfolk avatar (Shoals:2)
  11 anacondas
  6 boulder beetles
  A satyr (Shoals:4)
  4 tengu warriors
  A vampire mage (Vaults:3)
  19 naga warriors
  8 death yaks
  7 shock serpents
  Urug (D:12)
  3 thrashing horrors (Lair:5)
  Sonja (D:12)
  6 naga sharpshooters
  4 salamander mystics (Snake:4)
  18 sea snakes
  10 skysharks
  8 naga ritualists
  5 arcanists
  27 deep trolls
  3 lindwurms
  13 ironbound convokers
  A deep elf pyromancer (D:15)
  2 orc knights
  2 large abominations (Lair:5)
  2 necromancers
  29 harpies
  11 mana vipers
  An orc sorcerer (D:13)
  23 ugly things
  A faun (Shoals:4)
  A frost giant zombie (Vaults:3)
  7 salamanders
  15 cyclopes
  2 kobold blastminers (Orc:2)
  An elf zombie (Vaults:3)
  9 elephants
  2 guardian serpents (Snake:3)
  6 merfolk sirens
  11 manticores
  14 vault sentinels
  A cane toad (shapeshifter) (D:14)
  2 stone giant skeletons (Vaults:4)
  20 black mambas
  3 smoke demons (Lair:5)
  20 naga magi
  2 water nymphs
  3 gargoyles
  3 torpor snails
  9 cane toads
  A rime drake (Lair:5)
  2 kobold demonologists (D:13)
  9 komodo dragons
  A freezing wraith (Vaults:3)
  An unseen horror (D:10)
  40 yaktaurs
  A human skeleton (Vaults:4)
  6 trolls
  5 wind drakes
  A polar bear (Lair:3)
  32 merfolk
  A tengu simulacrum (Vaults:4)
  7 snapping turtles
  18 blink frogs
  42 dream sheep
  A dream sheep (shapeshifter) (Vaults:4)
  2 raiju (Lair:5)
  A spriggan (Lair:5)
  A ynoxinul (Lair:5)
  27 slime creatures
  14 water elementals
  46 yaks
  A fire bat (shapeshifter) (D:14)
  A vampire (D:10)
  7 wraiths
  8 wyverns
  9 basilisks
  3 humans (Lair:4)
  4 hogs (Lair:4)
  A wyvern (shapeshifter) (D:13)
  2 vampire mosquitoes (D:15)
  A steam dragon (Lair:2)
  2 chaos spawn (Lair:5)
  2 redbacks (Vaults:2)
  A steam dragon (shapeshifter) (D:13)
  42 nagas
  A human simulacrum (Vaults:4)
  2 wargs (Orc:1)
  9 water moccasins
  An acid dragon (D:10)
  2 black bears
  15 orc warriors
  3 boggarts (Vaults:3)
  6 wolves (Lair:2)
  25 ogres
  A human zombie (Vaults:3)
  8 small abominations (Lair:5)
  11 centaurs
  2 kobold brigands
  9 bullfrogs
  2 gnoll sergeants (D:8)
  4 scorpions
  10 wights
  19 killer bees
  8 electric eels
  6 howler monkeys
  3 jellies
  4 hounds
  11 orc priests
  3 gnoll boudas (D:5)
  2 iguanas
  Jessica (D:2)
  14 orc wizards
  2 sleepcaps (D:5)
  4 hell rats (Lair:3)
  15 gnolls
  8 adders
  2 river rats
  3 shadow imps
  2 white imps (D:6)
  2 ufetubi (D:5)
  4 worms
  64 orcs
  7 ball pythons
  13 bats
  8 endoplasms
  5 giant cockroaches
  4 goblins
  4 hobgoblins
  3 quokkas (D:1)
  6 frilled lizards
  14 kobolds
  5 rats
1225 creatures vanquished.

Vanquished Creatures (collateral kills)
  A merfolk siren (Shoals:4)
1 creature vanquished.

Vanquished Creatures (others)
  A faun (Shoals:4)
  A blink frog (Lair:4)
  A slime creature (Vaults:3)
3 creatures vanquished.

Grand Total: 1229 creatures vanquished

Notes
Turn   | Place    | Note
-------+----------+-------------------------------------------
     0 | D:1      | qw the Gargoyle Hunter began the quest for the Orb.
     0 | D:1      | Reached XP level 1. HP: 12/12 MP: 1/1
     0 | D:1      | 0 ||| qw: Version: 0.3-a-106-g2cfff9e
     0 | D:1      | 0 ||| qw: Game counter: 2015
     0 | D:1      | 0 ||| qw: Melee chars always use a shield: true
     0 | D:1      | 0 ||| qw: God list: Okawaru
     0 | D:1      | 0 ||| qw: Allow faded altars: false
     0 | D:1      | 0 ||| qw: Do Orc after clearing Dungeon:15 true
     0 | D:1      | 0 ||| qw: Do second Lair branch before Depths: true
     0 | D:1      | 0 ||| qw: Lair rune preference: random
     0 | D:1      | 0 ||| qw: Goals: Normal, Save, Zot:1-4, Win
     0 | D:1      | 0 ||| PLANNING D:1-11
    39 | D:1      | Reached XP level 2. HP: 17/17 MP: 2/2
   525 | D:1      | Reached XP level 3. HP: 21/21 MP: 3/3
   664 | D:1      | 664 ||| READING scroll labelled JIOR BILAUDUETT.
   665 | D:1      | 665 ||| READING 3 scrolls labelled WYBUEFUNEPN.
   669 | D:1      | 669 ||| READING scroll labelled OGYEFIVEKY.
   669 | D:1      | 669 ||| IDENTIFYING pink potion
   670 | D:1      | 670 ||| READING 2 scrolls labelled TYF HOUFYBINO.
   671 | D:1      | 671 ||| READING scroll labelled MUM AREMUEMM.
   672 | D:1      | 672 ||| DROPPING scroll of butterflies.
   673 | D:1      | 673 ||| DROPPING potion of ambrosia.
   674 | D:1      | 674 ||| DROPPING scroll of amnesia.
   887 | D:2      | Noticed Jessica
   894 | D:2      | Killed Jessica
   895 | D:2      | Reached skill level 3 in Fighting
   895 | D:2      | Reached XP level 4. HP: 28/28 MP: 4/4
  1370 | D:2      | 1370 ||| UPGRADING to +2 helmet.
  1375 | D:2      | 1375 ||| UPGRADING to +0 ring mail.
  1385 | D:2      | 1385 ||| DROPPING +0 leather armour.
  1386 | D:2      | 1386 ||| UPGRADING to ring of see invisible.
  1387 | D:2      | 1387 ||| READING scroll labelled MAZYUG IZAMUSH.
  1387 | D:2      | 1387 ||| BRANDING +0 shortbow.
  1388 | D:2      | 1388 ||| READING scroll labelled SUAXOMPOBBO.
  1406 | D:3      | 1406 ||| PLANNING SEWER
  1536 | D:3      | Found a faded altar of an unknown god.
  1546 | D:3      | Found an opulent altar of Gozag.
  1645 | D:3      | Found a stormy altar of Qazlal.
  1661 | D:3      | Reached skill level 1 in Armour
  1756 | D:3      | Found a glowing drain.
  1757 | D:3      | 1757 ||| UPGRADING to +2 pair of gloves.
  1793 | Sewer    | Entered a sewer
  1905 | Sewer    | Reached XP level 5. HP: 32/32 MP: 5/5
  2058 | Sewer    | 2058 ||| READING scroll labelled YGU XEONEUT.
  2058 | Sewer    | 2058 ||| ENCHANTING +0 ring mail.
  2059 | Sewer    | 2059 ||| READING scroll labelled CAET PUBIOKHLETT.
  2060 | Sewer    | 2060 ||| READING scroll labelled NECOLL GOST.
  2083 | Sewer    | 2083 ||| READING scroll labelled ACOLLELIMP.
  2083 | Sewer    | 2083 ||| ENCHANTING +0 shortbow of freezing.
  2084 | Sewer    | 2084 ||| DRINKING 3 smoky ruby potions.
  2114 | D:3      | 2114 ||| PLANNING D:1-11
  2133 | D:3      | Found a sparkling altar of Nemelex Xobeh.
  2321 | D:3      | 2321 ||| READING scroll of identify.
  2321 | D:3      | 2321 ||| IDENTIFYING bubbling sapphire potion
  2322 | D:3      | 2322 ||| DROPPING potion of brilliance.
  2397 | D:4      | Noticed a kobold brigand
  2400 | D:4      | 2400 ||| Stepping ~*~*~tactically~*~*~ (retreating).
  2401 | D:4      | 2401 ||| Stepping ~*~*~tactically~*~*~ (retreating).
  2402 | D:4      | 2402 ||| Stepping ~*~*~tactically~*~*~ (retreating).
  2409 | D:4      | Reached skill level 6 in Ranged Weapons
  2413 | D:4      | Killed a kobold brigand
  2414 | D:4      | Reached skill level 4 in Fighting
  2414 | D:4      | Reached XP level 6. HP: 34/38 MP: 6/6
  2521 | D:4      | 2521 ||| DRINKING 2 smoky golden potions.
  2522 | D:4      | 2522 ||| DROPPING potion of degeneration.
  2540 | D:4      | 2540 ||| STAIRDANCE
  2915 | D:4      | Noticed a black bear
  2920 | D:4      | Killed a black bear
  2921 | D:4      | Reached XP level 7. HP: 43/43 MP: 7/7
  3040 | D:4      | 3040 ||| READING scroll labelled MACASYZAUH.
  3056 | D:5      | Entered Level 5 of the Dungeon
  3293 | D:5      | Reached skill level 5 in Fighting
  3299 | D:5      | Reached XP level 8. HP: 41/49 MP: 8/8
  3523 | D:5      | Found Qaetyej's Book Shop.
  3529 | D:5      | 3529 ||| READING scroll of brand weapon.
  3529 | D:5      | 3529 ||| BRANDING +1 shortbow of freezing.
  3713 | D:5      | 3713 ||| READING scroll of enchant weapon.
  3713 | D:5      | 3713 ||| ENCHANTING +1 heavy shortbow.
  3745 | D:5      | 3745 ||| UPGRADING to +2 pair of boots.
  3750 | D:5      | 3750 ||| READING scroll of identify.
  3750 | D:5      | 3750 ||| IDENTIFYING sapphire potion
  3829 | D:6      | Noticed a yak
  3829 | D:6      | Noticed a yak
  3830 | D:6      | 3830 ||| RETREEAATING.
  3834 | D:6      | 3834 ||| Stepping ~*~*~tactically~*~*~ (retreating).
  3836 | D:6      | Noticed a yak
  3837 | D:6      | Noticed a yak
  3840 | D:6      | Killed a yak
  3841 | D:6      | Reached skill level 9 in Ranged Weapons
  3848 | D:6      | Killed a yak
  3849 | D:6      | Reached skill level 3 in Armour
  3852 | D:6      | Killed a yak
  3853 | D:6      | Reached skill level 6 in Fighting
  3861 | D:6      | Killed a yak
  3862 | D:6      | Reached XP level 9. HP: 28/55 MP: 9/9
  3988 | D:6      | 3988 ||| SWAPPING to +0 orcbow.
  4042 | D:6      | 4042 ||| DROPPING +2 heavy shortbow.
  4125 | D:6      | 4125 ||| DROPPING +1 shortbow of draining.
  4418 | D:6      | 4418 ||| UPGRADING to +5 ring of evasion.
  4419 | D:6      | 4419 ||| DRINKING 2 fuming orange potions.
  4420 | D:6      | 4420 ||| DRINKING 2 black potions.
  4487 | D:7      | Reached skill level 7 in Fighting
  4551 | D:7      | Found an ancient bone altar of Kikubaaqudgha.
  4562 | D:7      | Found a sacrificial altar of Ru.
  4777 | D:7      | Found Zitt's Distillery.
  4785 | D:7      | 4785 ||| BUYING 2 potions of mutation (224 gold).
  4785 | D:7      | Bought 2 potions of mutation for 224 gold pieces
  4785 | D:7      | 4785 ||| BUYING potion of enlightenment (70 gold).
  4785 | D:7      | Bought a potion of enlightenment for 70 gold pieces
  4785 | D:7      | 4785 ||| BUYING potion of enlightenment (70 gold).
  4785 | D:7      | Bought a potion of enlightenment for 70 gold pieces
  4785 | D:7      | 4785 ||| SHOPLISTING potion of haste (140 gold, have 64).
  4785 | D:7      | 4785 ||| SHOPLISTING potion of heal wounds (70 gold, have
                  | 64).
  4785 | D:7      | 4785 ||| BUYING potion of might (56 gold).
  4785 | D:7      | Bought a potion of might for 56 gold pieces
  4785 | D:7      | 4785 ||| SHOPLISTING potion of mutation (112 gold, have 8).
  4817 | D:7      | 4817 ||| RETREEAATING.
  4818 | D:7      | 4818 ||| STILL RETREEAATING.
  4820 | D:7      | 4820 ||| STILL RETREEAATING.
  4821 | D:7      | 4821 ||| STILL RETREEAATING.
  4822 | D:7      | 4822 ||| STILL RETREEAATING.
  4823 | D:7      | 4823 ||| STILL RETREEAATING.
  4824 | D:7      | 4824 ||| STILL RETREEAATING.
  4826 | D:7      | 4826 ||| RETREEAATING.
  4828 | D:7      | 4828 ||| Stepping ~*~*~tactically~*~*~ (retreating).
  4869 | D:7      | Found a bloodstained altar of Trog.
  4964 | D:7      | Found a staircase to the Ecumenical Temple.
  4965 | D:7      | 4965 ||| PLANNING TEMPLE
  4965 | D:7      | 4965 ||| READING scroll of identify.
  4965 | D:7      | 4965 ||| IDENTIFYING scroll labelled GIUGIN SIESUMU
  4966 | D:7      | 4966 ||| DROPPING scroll of revelation.
  4973 | Temple   | Entered the Ecumenical Temple
  4974 | Temple   | 4974 ||| PLANNING D:1-11
  5140 | D:7      | Found Mosurhod's Antique Weapon Shoppe.
  5376 | D:8      | 5376 ||| RETREEAATING.
  5377 | D:8      | 5377 ||| Stepping ~*~*~tactically~*~*~ (retreating).
  5378 | D:8      | 5378 ||| Stepping ~*~*~tactically~*~*~ (retreating).
  5379 | D:8      | 5379 ||| Stepping ~*~*~tactically~*~*~ (retreating).
  5380 | D:8      | 5380 ||| Stepping ~*~*~tactically~*~*~ (retreating).
  5503 | D:8      | 5503 ||| READING scroll of brand weapon.
  5503 | D:8      | 5503 ||| BRANDING +0 orcbow.
  5530 | D:8      | Reached skill level 3 in Dodging
  5545 | D:8      | 5545 ||| RETREEAATING.
  5553 | D:8      | 5553 ||| Stepping ~*~*~tactically~*~*~ (retreating).
  5554 | D:8      | 5554 ||| Stepping ~*~*~tactically~*~*~ (retreating).
  5555 | D:8      | 5555 ||| STILL RETREEAATING.
  5556 | D:8      | 5556 ||| STILL RETREEAATING.
  5557 | D:8      | 5557 ||| STILL RETREEAATING.
  5558 | D:8      | 5558 ||| STILL RETREEAATING.
  5560 | D:8      | 5560 ||| Stepping ~*~*~tactically~*~*~ (retreating).
  5561 | D:8      | 5561 ||| Stepping ~*~*~tactically~*~*~ (retreating).
  5562 | D:8      | 5562 ||| Stepping ~*~*~tactically~*~*~ (retreating).
  5564 | D:8      | 5564 ||| Stepping ~*~*~tactically~*~*~ (retreating).
  5565 | D:8      | 5565 ||| Stepping ~*~*~tactically~*~*~ (retreating).
  5590 | D:8      | Found an iron altar of Okawaru.
  5591 | D:8      | 5591 ||| PLANNING OKAWARU WORSHIP
  5591 | D:8      | 5591 ||| READING scroll labelled ERUYPU CEULLECETOSCH.
  5591 | D:8      | Identified a scroll of acquirement
  5591 | D:8      | 5591 ||| 5591 ||| Offered staff of poison
  5591 | D:8      | 5591 ||| 5591 ||| Offered +0 helmet of the Farrier {Rampage
                  | rC+ Int-4 Stlth+}
  5591 | D:8      | 5591 ||| 5591 ||| Offered +2 longbow of draining
  5591 | D:8      | 5591 ||| 5591 ||| Offered 593 gold pieces
  5591 | D:8      | 5591 ||| ACQUIRING +2 longbow of draining
  5591 | D:8      | Acquired a +2 longbow of draining
  5593 | D:8      | 5593 ||| SWAPPING to +2 longbow of draining.
  5594 | D:8      | 5594 ||| DROPPING +0 orcbow of electrocution.
  5598 | D:8      | Became a worshipper of Warmaster Okawaru
  5599 | D:8      | 5599 ||| PLANNING D:1-11
  5644 | D:8      | Noticed a two-headed ogre
  5658 | D:8      | Killed a two-headed ogre
  5659 | D:8      | Reached skill level 9 in Fighting
  5659 | D:8      | Reached XP level 10. HP: 47/66 MP: 10/10
  5720 | D:8      | Identified the +0 ring mail of the Sun {rCorr Int+2}
  5780 | D:8      | Found a transporter.
  5782 | D:8      | Found a transporter.
  5783 | D:8      | Noticed a red ugly thing
  5827 | D:8      | Noticed a purple ugly thing
  5828 | D:8      | Found a corrupted altar of Lugonu.
  5828 | D:8      | Noticed a purple ugly thing
  6064 | D:8      | 6064 ||| DROPPING +0 ring mail of the Sun {rCorr Int+2}.
  6065 | D:8      | 6065 ||| UPGRADING to amulet of regeneration.
  6070 | D:8      | 6070 ||| READING 2 scrolls of identify.
  6070 | D:8      | 6070 ||| IDENTIFYING orange potion
  6074 | D:9      | 6074 ||| STAIRDANCE
  6264 | D:9      | Found a shimmering altar of Xom.
  6410 | D:9      | Reached * piety under Okawaru
  6499 | D:9      | 6499 ||| RETREEAATING.
  6500 | D:9      | 6500 ||| STILL RETREEAATING.
  6501 | D:9      | 6501 ||| STILL RETREEAATING.
  6507 | D:9      | Reached skill level 1 in Invocations
  6772 | D:9      | 6772 ||| READING scroll of acquirement.
  6772 | D:9      | 6772 ||| 6772 ||| Offered +1 shortbow of flaming
  6772 | D:9      | 6772 ||| 6772 ||| Offered +1 pair of gloves of Ibotosac
                  | {Dex+3}
  6772 | D:9      | 6772 ||| 6772 ||| Offered manual of Ranged Weapons
  6772 | D:9      | 6772 ||| 6772 ||| Offered 1012 gold pieces
  6772 | D:9      | 6772 ||| ACQUIRING +1 pair of gloves of Ibotosac {Dex+3}
  6772 | D:9      | Acquired the +1 pair of gloves of Ibotosac {Dex+3}
  6774 | D:9      | 6774 ||| UPGRADING to +0 cloak.
  6779 | D:9      | 6779 ||| UPGRADING to +1 pair of gloves of Ibotosac
                  | {Dex+3}.
  6789 | D:9      | 6789 ||| DROPPING +2 pair of gloves.
  6882 | D:9      | 6882 ||| READING 3 scrolls of identify.
  6882 | D:9      | 6882 ||| IDENTIFYING 2 viscous emerald potions
  6883 | D:9      | 6883 ||| DROPPING 2 potions of lignification.
  6889 | D:10     | Entered Level 10 of the Dungeon
  6891 | D:10     | Reached ** piety under Okawaru
  6892 | D:10     | Reached skill level 3 in Invocations
  6936 | D:10     | Noticed an unseen horror
  6944 | D:10     | Killed an unseen horror
  6945 | D:10     | Reached skill level 12 in Ranged Weapons
  6949 | D:10     | 6949 ||| FLEEEEING.
  6950 | D:10     | 6950 ||| FLEEEEING.
  6958 | D:10     | 6958 ||| Stepping ~*~*~tactically~*~*~ (retreating).
  6959 | D:10     | 6959 ||| Stepping ~*~*~tactically~*~*~ (retreating).
  7498 | D:10     | 7498 ||| UPGRADING to +0 acid dragon scales.
  7508 | D:10     | 7508 ||| DROPPING +1 ring mail.
  7509 | D:10     | 7509 ||| UPGRADING to +1 cloak.
  7519 | D:10     | 7519 ||| DROPPING +0 cloak.
  7544 | D:11     | Noticed an orc knight
  7545 | D:11     | 7545 ||| Stepping ~*~*~tactically~*~*~ (retreating).
  7554 | D:11     | 7554 ||| Stepping ~*~*~tactically~*~*~ (retreating).
  7555 | D:11     | 7555 ||| Stepping ~*~*~tactically~*~*~ (retreating).
  7556 | D:11     | Killed an orc knight
  7556 | D:11     | Reached *** piety under Okawaru
  7689 | D:11     | 7689 ||| RETREEAATING.
  7691 | D:11     | 7691 ||| STILL RETREEAATING.
  7695 | D:11     | 7695 ||| RETREEAATING.
  7696 | D:11     | 7696 ||| STILL RETREEAATING.
  7700 | D:11     | Reached XP level 11. HP: 71/71 MP: 14/14
  7700 | D:11     | Noticed a manticore
  7722 | D:11     | Killed a manticore
  7734 | D:11     | Reached **** piety under Okawaru
  7735 | D:11     | Reached skill level 6 in Armour
  7811 | D:11     | Noticed a two-headed ogre
  7815 | D:11     | Killed a two-headed ogre
  7923 | D:11     | Found a staircase to the Lair.
  7981 | D:11     | Reached ***** piety under Okawaru
  8025 | D:11     | Reached skill level 6 in Invocations
  8062 | D:11     | 8062 ||| FLEEEEING.
  8063 | D:11     | 8063 ||| FLEEEEING.
  8096 | D:11     | Found a staircase to the Orcish Mines.
  8283 | D:11     | 8283 ||| PLANNING LAIR
  8283 | D:11     | 8283 ||| UPGRADING to +0 troll leather armour.
  8293 | D:11     | 8293 ||| DROPPING +0 acid dragon scales.
  8294 | D:11     | 8294 ||| READING 4 scrolls of identify.
  8294 | D:11     | 8294 ||| IDENTIFYING scroll labelled YFULAEHERE
  8295 | D:11     | 8295 ||| DROPPING scroll of noise.
  8318 | Lair:1   | Entered Level 1 of the Lair of Beasts
  8435 | Lair:1   | Identified the ring "Jagaafyo" {^Drain rF+ Int+4 Dex+6}
  8446 | Lair:1   | 8446 ||| RETREEAATING.
  8448 | Lair:1   | 8448 ||| RETREEAATING.
  8454 | Lair:1   | 8454 ||| Stepping ~*~*~tactically~*~*~ (retreating).
  8455 | Lair:1   | 8455 ||| Stepping ~*~*~tactically~*~*~ (retreating).
  8456 | Lair:1   | 8456 ||| Stepping ~*~*~tactically~*~*~ (retreating).
  8457 | Lair:1   | 8457 ||| Stepping ~*~*~tactically~*~*~ (retreating).
  8458 | Lair:1   | 8458 ||| Stepping ~*~*~tactically~*~*~ (retreating).
  8459 | Lair:1   | 8459 ||| Stepping ~*~*~tactically~*~*~ (retreating).
  8465 | Lair:1   | 8465 ||| INVOKING Finesse.
  8472 | Lair:1   | 8472 ||| Stepping ~*~*~tactically~*~*~ (retreating).
  8474 | Lair:1   | 8474 ||| Stepping ~*~*~tactically~*~*~ (retreating).
  8475 | Lair:1   | 8475 ||| Stepping ~*~*~tactically~*~*~ (retreating).
  8476 | Lair:1   | 8476 ||| Stepping ~*~*~tactically~*~*~ (retreating).
  8477 | Lair:1   | 8477 ||| Stepping ~*~*~tactically~*~*~ (retreating).
  8531 | Lair:1   | 8531 ||| RETREEAATING.
  8532 | Lair:1   | 8532 ||| STILL RETREEAATING.
  8534 | Lair:1   | 8534 ||| RETREEAATING.
  8537 | Lair:1   | 8537 ||| Stepping ~*~*~tactically~*~*~ (retreating).
  8538 | Lair:1   | 8538 ||| Stepping ~*~*~tactically~*~*~ (retreating).
  8540 | Lair:1   | 8540 ||| Stepping ~*~*~tactically~*~*~ (retreating).
  8541 | Lair:1   | 8541 ||| Stepping ~*~*~tactically~*~*~ (retreating).
  8545 | Lair:1   | Received a gift from Okawaru
  8620 | Lair:1   | Noticed a catoblepas
  8622 | Lair:1   | 8622 ||| Stepping ~*~*~tactically~*~*~ (retreating).
  8634 | Lair:1   | Killed a catoblepas
  8635 | Lair:1   | Reached XP level 12. HP: 69/76 MP: 17/17
  9043 | Lair:1   | 9043 ||| UPGRADING to ring "Jagaafyo" {^Drain rF+ Int+4
                  | Dex+6}.
  9045 | Lair:1   | 9045 ||| DROPPING ring of resist corrosion.
  9046 | Lair:1   | 9046 ||| DROPPING ring of see invisible.
  9047 | Lair:1   | 9047 ||| READING 3 scrolls of identify.
  9047 | Lair:1   | 9047 ||| IDENTIFYING scroll labelled ZEXEXYL AJEU
  9048 | Lair:1   | 9048 ||| DROPPING scroll of fog.
  9066 | Lair:2   | Noticed a six-headed hydra
  9074 | Lair:2   | Killed a six-headed hydra
  9282 | Lair:2   | Received a gift from Okawaru
  9321 | Lair:2   | Reached skill level 9 in Invocations
  9414 | Lair:2   | Reached skill level 6 in Dodging
  9515 | Lair:2   | 9515 ||| READING scroll of enchant armour.
  9515 | Lair:2   | 9515 ||| ENCHANTING +1 cloak.
  9807 | Lair:2   | 9807 ||| UPGRADING to amulet of faith.
  9817 | Lair:2   | 9817 ||| READING 2 scrolls of identify.
  9817 | Lair:2   | 9817 ||| IDENTIFYING brown potion
  9818 | Lair:2   | 9818 ||| READING scroll of identify.
  9818 | Lair:2   | 9818 ||| IDENTIFYING cyan potion
  9819 | Lair:2   | 9819 ||| READING scroll labelled DEAW DUEXY.
  9920 | Lair:2   | 9920 ||| DROPPING potion of attraction.
  9980 | Lair:3   | Noticed a skyshark
  9981 | Lair:3   | 9981 ||| RETREEAATING.
  9982 | Lair:3   | 9982 ||| STILL RETREEAATING.
  9983 | Lair:3   | 9983 ||| STILL RETREEAATING.
  9984 | Lair:3   | 9984 ||| STILL RETREEAATING.
  9986 | Lair:3   | 9986 ||| STILL RETREEAATING.
  9987 | Lair:3   | 9987 ||| STILL RETREEAATING.
  9988 | Lair:3   | 9988 ||| STILL RETREEAATING.
  9989 | Lair:3   | 9989 ||| STILL RETREEAATING.
  9990 | Lair:3   | 9990 ||| Stepping ~*~*~tactically~*~*~ (retreating).
  9991 | Lair:3   | 9991 ||| Stepping ~*~*~tactically~*~*~ (retreating).
  9992 | Lair:3   | 9992 ||| Stepping ~*~*~tactically~*~*~ (retreating).
  9993 | Lair:3   | 9993 ||| Stepping ~*~*~tactically~*~*~ (retreating).
  9994 | Lair:3   | 9994 ||| Stepping ~*~*~tactically~*~*~ (retreating).
  9995 | Lair:3   | 9995 ||| Stepping ~*~*~tactically~*~*~ (retreating).
  9997 | Lair:3   | 9997 ||| Stepping ~*~*~tactically~*~*~ (retreating).
 10004 | Lair:3   | 10004 ||| INVOKING Finesse.
 10006 | Lair:3   | Killed a skyshark
 10027 | Lair:3   | Reached skill level 10 in Fighting
 10179 | Lair:3   | Received a gift from Okawaru
 10223 | Lair:3   | Found a staircase to the Snake Pit.
 10241 | Lair:3   | 10241 ||| FLEEEEING.
 10242 | Lair:3   | 10242 ||| FLEEEEING.
 10263 | Lair:3   | Noticed Josephine
 10268 | Lair:3   | Killed Josephine
 10269 | Lair:3   | Reached skill level 15 in Ranged Weapons
 10317 | Lair:3   | Reached XP level 13. HP: 82/82 MP: 20/20
 10353 | Lair:3   | 10353 ||| READING scroll of brand weapon.
 10353 | Lair:3   | 10353 ||| BRANDING +2 longbow of draining.
 10453 | Lair:3   | 10453 ||| RETREEAATING.
 10454 | Lair:3   | 10454 ||| STILL RETREEAATING.
 10457 | Lair:3   | 10457 ||| Stepping ~*~*~tactically~*~*~ (retreating).
 10458 | Lair:3   | 10458 ||| Stepping ~*~*~tactically~*~*~ (retreating).
 10459 | Lair:3   | 10459 ||| Stepping ~*~*~tactically~*~*~ (retreating).
 10460 | Lair:3   | 10460 ||| Stepping ~*~*~tactically~*~*~ (retreating).
 10461 | Lair:3   | 10461 ||| INVOKING Finesse.
 10514 | Lair:3   | Found a staircase to the Shoals.
 10684 | Lair:3   | Received a gift from Okawaru
 10790 | Lair:3   | 10790 ||| DROPPING +1 helmet.
 11072 | Lair:4   | 11072 ||| Stepping ~*~*~tactically~*~*~ (retreating).
 11073 | Lair:4   | 11073 ||| Stepping ~*~*~tactically~*~*~ (retreating).
 11073 | Lair:4   | Noticed Kirke
 11074 | Lair:4   | 11074 ||| Stepping ~*~*~tactically~*~*~ (retreating).
 11075 | Lair:4   | 11075 ||| Stepping ~*~*~tactically~*~*~ (retreating).
 11105 | Lair:4   | 11105 ||| RETREEAATING.
 11106 | Lair:4   | 11106 ||| STILL RETREEAATING.
 11107 | Lair:4   | 11107 ||| Stepping ~*~*~tactically~*~*~ (retreating).
 11108 | Lair:4   | 11108 ||| Stepping ~*~*~tactically~*~*~ (retreating).
 11113 | Lair:4   | 11113 ||| DRINKING potion of cancellation.
 11122 | Lair:4   | Killed Kirke
 11202 | Lair:4   | 11202 ||| RETREEAATING.
 11204 | Lair:4   | 11204 ||| Stepping ~*~*~tactically~*~*~ (retreating).
 11206 | Lair:4   | 11206 ||| Stepping ~*~*~tactically~*~*~ (retreating).
 11207 | Lair:4   | 11207 ||| INVOKING Finesse.
 11208 | Lair:4   | 11208 ||| Stepping ~*~*~tactically~*~*~ (retreating).
 11445 | Lair:5   | Entered Level 5 of the Lair of Beasts
 11446 | Lair:5   | 11446 ||| RETREEAATING.
 11447 | Lair:5   | 11447 ||| STILL RETREEAATING.
 11448 | Lair:5   | 11448 ||| Stepping ~*~*~tactically~*~*~ (retreating).
 11449 | Lair:5   | 11449 ||| Stepping ~*~*~tactically~*~*~ (retreating).
 11450 | Lair:5   | 11450 ||| Stepping ~*~*~tactically~*~*~ (retreating).
 11451 | Lair:5   | 11451 ||| Stepping ~*~*~tactically~*~*~ (retreating).
 11452 | Lair:5   | 11452 ||| Stepping ~*~*~tactically~*~*~ (retreating).
 11453 | Lair:5   | 11453 ||| Stepping ~*~*~tactically~*~*~ (retreating).
 11454 | Lair:5   | 11454 ||| Stepping ~*~*~tactically~*~*~ (retreating).
 11455 | Lair:5   | 11455 ||| Stepping ~*~*~tactically~*~*~ (retreating).
 11456 | Lair:5   | 11456 ||| Stepping ~*~*~tactically~*~*~ (retreating).
 11457 | Lair:5   | 11457 ||| Stepping ~*~*~tactically~*~*~ (retreating).
 11458 | Lair:5   | 11458 ||| INVOKING Finesse.
 11467 | Lair:5   | Reached skill level 11 in Fighting
 11502 | Lair:5   | Received a gift from Okawaru
 11519 | Lair:5   | 11519 ||| RETREEAATING.
 11525 | Lair:5   | 11525 ||| INVOKING Finesse.
 11681 | Lair:5   | Received a gift from Okawaru
 11719 | Lair:5   | 11719 ||| RETREEAATING.
 11726 | Lair:5   | 11726 ||| STILL RETREEAATING.
 11727 | Lair:5   | 11727 ||| STILL RETREEAATING.
 11728 | Lair:5   | 11728 ||| STILL RETREEAATING.
 11729 | Lair:5   | 11729 ||| STILL RETREEAATING.
 11777 | Lair:5   | Found a staircase to the Slime Pits.
 11785 | Lair:5   | 11785 ||| RETREEAATING.
 11787 | Lair:5   | 11787 ||| RETREEAATING.
 11788 | Lair:5   | 11788 ||| STILL RETREEAATING.
 11789 | Lair:5   | 11789 ||| Stepping ~*~*~tactically~*~*~ (retreating).
 11790 | Lair:5   | 11790 ||| Stepping ~*~*~tactically~*~*~ (retreating).
 11791 | Lair:5   | 11791 ||| Stepping ~*~*~tactically~*~*~ (retreating).
 11793 | Lair:5   | 11793 ||| Stepping ~*~*~tactically~*~*~ (retreating).
 11801 | Lair:5   | Gained mutation: Your large and strong wings let you fly.
                  | [Gargoyle growth]
 11801 | Lair:5   | Reached XP level 14. HP: 90/90 MP: 21/21
 11883 | Lair:5   | Reached ****** piety under Okawaru
 11884 | Lair:5   | 11884 ||| INVOKING Receive Weapon.
 11884 | Lair:5   | 11884 ||| 11884 ||| Offered +0 arbalest of freezing with
                  | value 2820.4545454545
 11884 | Lair:5   | 11884 ||| 11884 ||| Offered +4 shortbow of freezing with
                  | value 2395
 11884 | Lair:5   | 11884 ||| 11884 ||| Offered +4 arbalest of the Empty Page
                  | {penet, +Blink Int+2 Dex+5} with value 3290.4545454545
 11884 | Lair:5   | 11884 ||| 11884 ||| Offered +5 arbalest of the Dove {flame,
                  | Will++ Dex+2} with value 3280.4545454545
 11884 | Lair:5   | 11884 ||| ACQUIRING +4 arbalest of the Empty Page {penet,
                  | +Blink Int+2 Dex+5}
 11884 | Lair:5   | Acquired the +4 arbalest of the Empty Page {penet, +Blink
                  | Int+2 Dex+5}
 11884 | Lair:5   | Received a gift from Okawaru
 11885 | Lair:5   | 11885 ||| INVOKING Receive Armour.
 11885 | Lair:5   | 11885 ||| 11885 ||| Offered +4 chain mail of Dogmatism
                  | {Regen+ Str+4 Int-2 Dex-3} with value difference nil
 11885 | Lair:5   | 11885 ||| 11885 ||| Offered -2 pair of gloves "Xocyklu"
                  | {rN+ Will+ Str-3 Stlth+} with value difference -220
 11885 | Lair:5   | 11885 ||| 11885 ||| Offered +0 pair of gloves of Resilience
                  | {Dex+2} with value difference -105
 11885 | Lair:5   | 11885 ||| 11885 ||| Offered +0 cloak of the Original Sin
                  | {+Blink Str+3 Int-4 Slay+3} with value difference 80
 11885 | Lair:5   | 11885 ||| ACQUIRING +0 cloak of the Original Sin {+Blink
                  | Str+3 Int-4 Slay+3}
 11885 | Lair:5   | Acquired the +0 cloak of the Original Sin {+Blink Str+3
                  | Int-4 Slay+3}
 11885 | Lair:5   | Received a gift from Okawaru
 11887 | Lair:5   | 11887 ||| SWAPPING to +4 arbalest of the Empty Page {penet,
                  | +Blink Int+2 Dex+5}.
 11888 | Lair:5   | 11888 ||| DROPPING +2 longbow of freezing.
 11895 | Lair:5   | 11895 ||| Stepping ~*~*~tactically~*~*~ (retreating).
 11897 | Lair:5   | 11897 ||| RETREEAATING.
 11934 | Lair:5   | 11934 ||| Stepping ~*~*~tactically~*~*~ (retreating).
 11938 | Lair:5   | 11938 ||| Stepping ~*~*~tactically~*~*~ (retreating).
 11940 | Lair:5   | 11940 ||| Stepping ~*~*~tactically~*~*~ (retreating).
 11941 | Lair:5   | 11941 ||| Stepping ~*~*~tactically~*~*~ (retreating).
 11945 | Lair:5   | 11945 ||| Stepping ~*~*~tactically~*~*~ (retreating).
 11946 | Lair:5   | 11946 ||| Stepping ~*~*~tactically~*~*~ (retreating).
 11967 | Lair:5   | Received a gift from Okawaru
 12035 | Lair:5   | 12035 ||| Stepping ~*~*~tactically~*~*~ (retreating).
 12037 | Lair:5   | 12037 ||| Stepping ~*~*~tactically~*~*~ (retreating).
 12038 | Lair:5   | 12038 ||| Stepping ~*~*~tactically~*~*~ (retreating).
 12039 | Lair:5   | 12039 ||| Stepping ~*~*~tactically~*~*~ (retreating).
 12042 | Lair:5   | 12042 ||| Stepping ~*~*~tactically~*~*~ (retreating).
 12043 | Lair:5   | 12043 ||| Stepping ~*~*~tactically~*~*~ (retreating).
 12044 | Lair:5   | 12044 ||| Stepping ~*~*~tactically~*~*~ (retreating).
 12046 | Lair:5   | Reached skill level 9 in Dodging
 12046 | Lair:5   | 12046 ||| Stepping ~*~*~tactically~*~*~ (retreating).
 12047 | Lair:5   | 12047 ||| Stepping ~*~*~tactically~*~*~ (retreating).
 12101 | Lair:5   | 12101 ||| Stepping ~*~*~tactically~*~*~ (retreating).
 12123 | Lair:5   | Received a gift from Okawaru
 12159 | Lair:5   | Found a corrupted altar of Lugonu.
 12159 | Lair:5   | Found a one-way gate to the infinite horrors of the Abyss.
 12165 | Lair:5   | Identified the +6 rapier of Colutie {chaos, rElec Str+4}
 12419 | Lair:5   | 12419 ||| RETREEAATING.
 12420 | Lair:5   | 12420 ||| STILL RETREEAATING.
 12421 | Lair:5   | 12421 ||| STILL RETREEAATING.
 12422 | Lair:5   | 12422 ||| Stepping ~*~*~tactically~*~*~ (retreating).
 12423 | Lair:5   | 12423 ||| Stepping ~*~*~tactically~*~*~ (retreating).
 12424 | Lair:5   | 12424 ||| Stepping ~*~*~tactically~*~*~ (retreating).
 12427 | Lair:5   | Reached skill level 18 in Ranged Weapons
 12590 | Lair:5   | 12590 ||| RETREEAATING.
 12593 | Lair:5   | 12593 ||| Stepping ~*~*~tactically~*~*~ (retreating).
 12594 | Lair:5   | Received a gift from Okawaru
 12596 | Lair:5   | 12596 ||| RETREEAATING.
 12598 | Lair:5   | 12598 ||| RETREEAATING.
 12605 | Lair:5   | Reached skill level 12 in Fighting
 12681 | Lair:5   | 12681 ||| PLANNING D
 12681 | Lair:5   | 12681 ||| UPGRADING to +0 cloak of the Original Sin {+Blink
                  | Str+3 Int-4 Slay+3}.
 12691 | Lair:5   | 12691 ||| DROPPING +2 cloak.
 12692 | Lair:5   | 12692 ||| DROPPING +4 ring of slaying {mikee}.
 12873 | D:12     | Noticed Sonja
 12876 | D:12     | Killed Sonja
 12931 | D:12     | Noticed Urug
 12938 | D:12     | Killed Urug
 13054 | D:12     | Reached skill level 13 in Fighting
 13060 | D:12     | 13060 ||| READING scroll of enchant armour.
 13060 | D:12     | 13060 ||| ENCHANTING +0 troll leather armour.
 13130 | D:12     | Received a gift from Okawaru
 13142 | D:12     | 13142 ||| RETREEAATING.
 13148 | D:12     | 13148 ||| Stepping ~*~*~tactically~*~*~ (retreating).
 13174 | D:12     | 13174 ||| READING 5 scrolls of identify.
 13174 | D:12     | 13174 ||| IDENTIFYING smoky brown potion
 13214 | D:13     | Reached XP level 15. HP: 98/98 MP: 22/22
 13549 | D:13     | 13549 ||| Stepping ~*~*~tactically~*~*~ (retreating).
 13578 | D:13     | Received a gift from Okawaru
 13718 | D:13     | Found a gate to the Vaults.
 13996 | D:13     | Reached skill level 14 in Fighting
 14163 | D:14     | Received a gift from Okawaru
 14188 | D:14     | 14188 ||| Stepping ~*~*~tactically~*~*~ (retreating).
 14220 | D:14     | 14220 ||| RETREEAATING.
 14221 | D:14     | 14221 ||| Stepping ~*~*~tactically~*~*~ (retreating).
 14222 | D:14     | 14222 ||| Stepping ~*~*~tactically~*~*~ (retreating).
 14433 | D:14     | 14433 ||| RETREEAATING.
 14503 | D:14     | Found a portal to a secret trove of treasure.
 14792 | D:15     | Entered Level 15 of the Dungeon
 14796 | D:15     | 14796 ||| STAIRDANCE
 14852 | D:15     | Received a gift from Okawaru
 14964 | D:15     | Found a staircase to the Depths.
 15216 | D:15     | Reached skill level 15 in Fighting
 15619 | D:15     | 15619 ||| PLANNING ORC
 15749 | Orc:1    | Entered Level 1 of the Orcish Mines
 15751 | Orc:1    | 15751 ||| STAIRDANCE
 15757 | Orc:1    | 15757 ||| STAIRDANCE
 15770 | Orc:1    | 15770 ||| STAIRDANCE
 15783 | Orc:1    | 15783 ||| DRINKING 9 potions of curing.
 15783 | Orc:1    | 15783 ||| (to cure confusion)
 15894 | Orc:2    | Entered Level 2 of the Orcish Mines
 15895 | Orc:2    | 15895 ||| STAIRDANCE
 15902 | Orc:2    | 15902 ||| STAIRDANCE
 15929 | Orc:2    | 15929 ||| STAIRDANCE
 16300 | Orc:2    | 16300 ||| RETREEAATING.
 16302 | Orc:2    | 16302 ||| RETREEAATING.
 16304 | Orc:2    | 16304 ||| RETREEAATING.
 16306 | Orc:2    | 16306 ||| Stepping ~*~*~tactically~*~*~ (retreating).
 16311 | Orc:2    | 16311 ||| INVOKING Finesse.
 16314 | Orc:2    | Received a gift from Okawaru
 16318 | Orc:2    | Reached XP level 16. HP: 108/108 MP: 17/23
 16342 | Orc:2    | Reached skill level 12 in Dodging
 16369 | Orc:2    | Received a gift from Okawaru
 16373 | Orc:2    | 16373 ||| Stepping ~*~*~tactically~*~*~ (retreating).
 16410 | Orc:2    | Found Leluuf's Antique Weapon Shoppe.
 16410 | Orc:2    | Found Xal Esh's Weapon Boutique.
 16410 | Orc:2    | Found Ecetz's Armour Shop.
 16410 | Orc:2    | Found Irir's Antique Armour Shoppe.
 16420 | Orc:2    | 16420 ||| BUYING +3 ring mail of willpower (364 gold).
 16420 | Orc:2    | Bought a +3 ring mail of willpower for 364 gold pieces
 16421 | Orc:2    | 16421 ||| BUYING glowing ring mail (189 gold).
 16421 | Orc:2    | Bought a glowing ring mail for 189 gold pieces
 16421 | Orc:2    | 16421 ||| BUYING jewelled robe (153 gold).
 16421 | Orc:2    | Bought a jewelled robe for 153 gold pieces
 16421 | Orc:2    | Identified the +1 robe of Happy Babbling {^Contam Int+5
                  | Dex+4} (You bought it in a shop on level 2 of the Orcish
                  | Mines)
 16457 | Orc:2    | Found Fasonid's CLEARANCE SALE!.
 16466 | Orc:2    | 16466 ||| BUYING wand of roots (5) (36 gold).
 16466 | Orc:2    | Bought a wand of roots (5) for 36 gold pieces
 16599 | Orc:2    | Found a staircase to the Elven Halls.
 16781 | Orc:2    | Noticed Nessos
 16788 | Orc:2    | Killed Nessos
 16789 | Orc:2    | Reached skill level 16 in Fighting
 16900 | Orc:2    | 16900 ||| PLANNING SNAKE:1-3
 16900 | Orc:2    | 16900 ||| UPGRADING to +3 ring mail of willpower.
 16910 | Orc:2    | 16910 ||| DROPPING +2 ring mail of poison resistance.
 16911 | Orc:2    | 16911 ||| DROPPING +1 robe of Happy Babbling {^Contam Int+5
                  | Dex+4}.
 17037 | Snake:1  | Entered Level 1 of the Snake Pit
 17121 | Snake:1  | 17121 ||| Stepping ~*~*~tactically~*~*~ (retreating).
 17125 | Snake:1  | 17125 ||| Stepping ~*~*~tactically~*~*~ (retreating).
 17126 | Snake:1  | 17126 ||| Stepping ~*~*~tactically~*~*~ (retreating).
 17163 | Snake:1  | 17163 ||| Stepping ~*~*~tactically~*~*~ (retreating).
 17165 | Snake:1  | 17165 ||| Stepping ~*~*~tactically~*~*~ (retreating).
 17170 | Snake:1  | 17170 ||| INVOKING Finesse.
 17173 | Snake:1  | Reached skill level 9 in Armour
 17173 | Snake:1  | 17173 ||| Stepping ~*~*~tactically~*~*~ (retreating).
 17176 | Snake:1  | Received a gift from Okawaru
 17701 | Snake:2  | 17701 ||| Stepping ~*~*~tactically~*~*~ (retreating).
 17770 | Snake:2  | Received a gift from Okawaru
 17823 | Snake:2  | Found a blossoming altar of Fedhas.
 17825 | Snake:2  | 17825 ||| RETREEAATING.
 18130 | Snake:2  | 18130 ||| Stepping ~*~*~tactically~*~*~ (retreating).
 18198 | Snake:2  | Noticed a nagaraja
 18202 | Snake:2  | Killed a nagaraja
 18203 | Snake:2  | Reached skill level 17 in Fighting
 18310 | Snake:3  | 18310 ||| INVOKING Finesse.
 18311 | Snake:3  | 18311 ||| STAIRDANCE
 18315 | Snake:2  | Reached XP level 17. HP: 117/117 MP: 18/24
 18345 | Snake:3  | 18345 ||| STAIRDANCE
 18362 | Snake:3  | Received a gift from Okawaru
 18408 | Snake:3  | 18408 ||| Stepping ~*~*~tactically~*~*~ (retreating).
 18412 | Snake:3  | 18412 ||| Stepping ~*~*~tactically~*~*~ (retreating).
 18414 | Snake:3  | 18414 ||| Stepping ~*~*~tactically~*~*~ (retreating).
 18527 | Snake:3  | Received a gift from Okawaru
 18577 | Snake:3  | Reached skill level 18 in Fighting
 18584 | Snake:3  | 18584 ||| Stepping ~*~*~tactically~*~*~ (retreating).
 18657 | Snake:3  | Found Huli's Distillery.
 18663 | Snake:3  | 18663 ||| BUYING 2 potions of might (112 gold).
 18663 | Snake:3  | Bought 2 potions of might for 112 gold pieces
 18663 | Snake:3  | 18663 ||| BUYING potion of curing (42 gold).
 18663 | Snake:3  | Bought a potion of curing for 42 gold pieces
 18663 | Snake:3  | 18663 ||| BUYING potion of mutation (112 gold).
 18663 | Snake:3  | Bought a potion of mutation for 112 gold pieces
 18663 | Snake:3  | 18663 ||| BUYING potion of resistance (140 gold).
 18663 | Snake:3  | Bought a potion of resistance for 140 gold pieces
 18663 | Snake:3  | 18663 ||| BUYING potion of resistance (140 gold).
 18663 | Snake:3  | Bought a potion of resistance for 140 gold pieces
 18696 | Snake:3  | Found Fahinawn's Weapon Boutique.
 18759 | Snake:3  | Found a sparkling altar of Nemelex Xobeh.
 18791 | Snake:3  | Found Riepien's Distillery.
 18798 | Snake:3  | 18798 ||| BUYING potion of curing (42 gold).
 18798 | Snake:3  | Bought a potion of curing for 42 gold pieces
 18798 | Snake:3  | 18798 ||| BUYING potion of curing (42 gold).
 18798 | Snake:3  | Bought a potion of curing for 42 gold pieces
 18798 | Snake:3  | 18798 ||| BUYING potion of enlightenment (70 gold).
 18798 | Snake:3  | Bought a potion of enlightenment for 70 gold pieces
 18798 | Snake:3  | 18798 ||| BUYING potion of enlightenment (70 gold).
 18798 | Snake:3  | Bought a potion of enlightenment for 70 gold pieces
 18798 | Snake:3  | 18798 ||| BUYING potion of might (56 gold).
 18798 | Snake:3  | Bought a potion of might for 56 gold pieces
 18798 | Snake:3  | 18798 ||| BUYING potion of might (56 gold).
 18798 | Snake:3  | Bought a potion of might for 56 gold pieces
 18798 | Snake:3  | 18798 ||| BUYING potion of mutation (112 gold).
 18798 | Snake:3  | Bought a potion of mutation for 112 gold pieces
 19083 | Snake:3  | 19083 ||| PLANNING SHOALS:1-3
 19191 | Shoals:1 | Entered Level 1 of the Shoals
 19195 | Shoals:1 | 19195 ||| STAIRDANCE
 19201 | Shoals:1 | 19201 ||| STAIRDANCE
 19210 | Shoals:1 | 19210 ||| STAIRDANCE
 19225 | Shoals:1 | 19225 ||| INVOKING Finesse.
 19226 | Shoals:1 | 19226 ||| STAIRDANCE
 19228 | Lair:3   | Received a gift from Okawaru
 19475 | Shoals:1 | Identified the serpent talisman of Adwug {Will+}
 19475 | Shoals:1 | Noticed Aizul
 19485 | Shoals:1 | Killed Aizul
 19590 | Shoals:1 | 19590 ||| Stepping ~*~*~tactically~*~*~ (retreating).
 19626 | Shoals:1 | 19626 ||| FLEEEEING.
 19899 | Shoals:1 | 19899 ||| FLEEEEING.
 19900 | Shoals:1 | 19900 ||| FLEEEEING.
 19927 | Shoals:1 | Received a gift from Okawaru
 20175 | Shoals:2 | 20175 ||| STAIRDANCE
 20180 | Shoals:1 | Reached skill level 12 in Armour
 20255 | Shoals:2 | 20255 ||| Stepping ~*~*~tactically~*~*~ (retreating).
 20256 | Shoals:2 | 20256 ||| Stepping ~*~*~tactically~*~*~ (retreating).
 20257 | Shoals:2 | 20257 ||| INVOKING Finesse.
 20272 | Shoals:2 | Noticed Polyphemus
 20282 | Shoals:2 | Killed Polyphemus
 20342 | Shoals:2 | Received a gift from Okawaru
 20453 | Shoals:2 | Noticed Ilsuiw
 20455 | Shoals:2 | 20455 ||| RETREEAATING.
 20472 | Shoals:2 | Killed Ilsuiw
 20502 | Shoals:2 | Reached skill level 19 in Fighting
 20588 | Shoals:2 | 20588 ||| FLEEEEING.
 20589 | Shoals:2 | 20589 ||| FLEEEEING.
 20590 | Shoals:2 | 20590 ||| FLEEEEING.
 20591 | Shoals:2 | 20591 ||| FLEEEEING.
 20592 | Shoals:2 | 20592 ||| FLEEEEING.
 20593 | Shoals:2 | 20593 ||| FLEEEEING.
 20594 | Shoals:2 | 20594 ||| FLEEEEING.
 20595 | Shoals:2 | 20595 ||| FLEEEEING.
 20596 | Shoals:2 | 20596 ||| FLEEEEING.
 20597 | Shoals:2 | 20597 ||| FLEEEEING.
 20598 | Shoals:2 | 20598 ||| FLEEEEING.
 20599 | Shoals:2 | 20599 ||| FLEEEEING.
 20600 | Shoals:2 | 20600 ||| FLEEEEING.
 20601 | Shoals:2 | 20601 ||| FLEEEEING.
 20602 | Shoals:2 | 20602 ||| FLEEEEING.
 20603 | Shoals:2 | 20603 ||| FLEEEEING.
 20604 | Shoals:2 | 20604 ||| FLEEEEING.
 20605 | Shoals:2 | 20605 ||| FLEEEEING.
 20606 | Shoals:2 | 20606 ||| FLEEEEING.
 20607 | Shoals:2 | 20607 ||| FLEEEEING.
 20608 | Shoals:2 | 20608 ||| FLEEEEING.
 20609 | Shoals:2 | 20609 ||| FLEEEEING.
 20610 | Shoals:2 | 20610 ||| FLEEEEING.
 20611 | Shoals:2 | 20611 ||| FLEEEEING.
 20612 | Shoals:2 | 20612 ||| STAIRDANCE
 20755 | Shoals:2 | 20755 ||| STAIRDANCE
 20873 | Shoals:2 | Reached XP level 18. HP: 128/128 MP: 25/25
 20880 | Shoals:2 | Identified the +1 leather armour of the Equator {*Slow MP+9
                  | Str+5 Slay+3}
 20935 | Shoals:2 | Received a gift from Okawaru
 21233 | Shoals:2 | 21233 ||| DROPPING wand of mindburst (7).
 21263 | Shoals:3 | 21263 ||| STAIRDANCE
 21301 | Shoals:3 | Found Tatsanif's Weapon Shoppe.
 21638 | Shoals:3 | 21638 ||| RETREEAATING.
 21645 | Shoals:3 | Noticed Nikola
 21698 | Shoals:3 | Killed Nikola
 22177 | Shoals:3 | 22177 ||| PLANNING SNAKE:4
 22344 | Snake:4  | Entered Level 4 of the Snake Pit
 22355 | Snake:4  | 22355 ||| STAIRDANCE
 22430 | Snake:4  | 22430 ||| STAIRDANCE
 22432 | Snake:4  | 22432 ||| STAIRDANCE
 22467 | Snake:4  | Found a shadowy altar of Dithmenos.
 22472 | Snake:4  | Received a gift from Okawaru
 22562 | Snake:4  | 22562 ||| Stepping ~*~*~tactically~*~*~ (retreating).
 22574 | Snake:4  | 22574 ||| Stepping ~*~*~tactically~*~*~ (retreating).
 22576 | Snake:4  | 22576 ||| Stepping ~*~*~tactically~*~*~ (retreating).
 22578 | Snake:4  | 22578 ||| Stepping ~*~*~tactically~*~*~ (retreating).
 22586 | Snake:4  | 22586 ||| Stepping ~*~*~tactically~*~*~ (retreating).
 22587 | Snake:4  | 22587 ||| Stepping ~*~*~tactically~*~*~ (retreating).
 22600 | Snake:4  | 22600 ||| Stepping ~*~*~tactically~*~*~ (retreating).
 22607 | Snake:4  | 22607 ||| Stepping ~*~*~tactically~*~*~ (retreating).
 22640 | Snake:4  | 22640 ||| INVOKING Finesse.
 22642 | Snake:4  | Reached skill level 20 in Fighting
 22689 | Snake:4  | Received a gift from Okawaru
 22739 | Snake:4  | Got a serpentine rune of Zot
 22965 | Snake:4  | Received a gift from Okawaru
 23061 | Snake:4  | Found Yroysach's Jewellery Shoppe.
 23068 | Snake:4  | 23068 ||| SHOPLISTING ring "Ipnao" {Str+2 Int+6 Slay+2 SInv
                  | Stlth+} (1377 gold, have 922).
 23167 | Snake:4  | Reached skill level 15 in Dodging
 23167 | Snake:4  | Reached XP level 19. HP: 135/135 MP: 26/26
 23279 | Snake:4  | 23279 ||| PLANNING VAULTS:1-4
 23496 | Vaults:1 | Entered Level 1 of the Vaults
 23691 | Vaults:1 | 23691 ||| Stepping ~*~*~tactically~*~*~ (retreating).
 23692 | Vaults:1 | 23692 ||| Stepping ~*~*~tactically~*~*~ (retreating).
 23693 | Vaults:1 | 23693 ||| Stepping ~*~*~tactically~*~*~ (retreating).
 23694 | Vaults:1 | 23694 ||| Stepping ~*~*~tactically~*~*~ (retreating).
 23720 | Vaults:1 | 23720 ||| FLEEEEING.
 23721 | Vaults:1 | 23721 ||| RETREEAATING.
 23722 | Vaults:1 | 23722 ||| INVOKING Finesse.
 24068 | Vaults:1 | 24068 ||| Stepping ~*~*~tactically~*~*~ (retreating).
 24069 | Vaults:1 | 24069 ||| Stepping ~*~*~tactically~*~*~ (retreating).
 24070 | Vaults:1 | 24070 ||| Stepping ~*~*~tactically~*~*~ (retreating).
 24071 | Vaults:1 | 24071 ||| Stepping ~*~*~tactically~*~*~ (retreating).
 24074 | Vaults:1 | Received a gift from Okawaru
 24078 | Vaults:1 | Reached skill level 21 in Fighting
 24263 | Vaults:1 | 24263 ||| FLEEEEING.
 24264 | Vaults:1 | 24264 ||| FLEEEEING.
 24298 | Vaults:1 | 24298 ||| FLEEEEING.
 24299 | Vaults:1 | 24299 ||| FLEEEEING.
 24304 | Vaults:1 | 24304 ||| FLEEEEING.
 24438 | Vaults:1 | 24438 ||| FLEEEEING.
 24439 | Vaults:1 | 24439 ||| FLEEEEING.
 24440 | Vaults:1 | 24440 ||| FLEEEEING.
 24441 | Vaults:1 | 24441 ||| FLEEEEING.
 24782 | Vaults:1 | 24782 ||| FLEEEEING.
 24783 | Vaults:1 | 24783 ||| FLEEEEING.
 24785 | Vaults:1 | 24785 ||| FLEEEEING.
 24786 | Vaults:1 | 24786 ||| FLEEEEING.
 24788 | Vaults:1 | 24788 ||| FLEEEEING.
 24789 | Vaults:1 | 24789 ||| FLEEEEING.
 24790 | Vaults:1 | 24790 ||| FLEEEEING.
 24791 | Vaults:1 | 24791 ||| FLEEEEING.
 24792 | Vaults:1 | 24792 ||| FLEEEEING.
 24793 | Vaults:1 | 24793 ||| FLEEEEING.
 24794 | Vaults:1 | 24794 ||| FLEEEEING.
 24795 | Vaults:1 | 24795 ||| FLEEEEING.
 24796 | Vaults:1 | 24796 ||| FLEEEEING.
 24801 | Vaults:1 | 24801 ||| FLEEEEING.
 24802 | Vaults:1 | 24802 ||| FLEEEEING.
 24803 | Vaults:1 | 24803 ||| FLEEEEING.
 24804 | Vaults:1 | 24804 ||| FLEEEEING.
 24805 | Vaults:1 | 24805 ||| FLEEEEING.
 24806 | Vaults:1 | 24806 ||| FLEEEEING.
 24807 | Vaults:1 | 24807 ||| FLEEEEING.
 24808 | Vaults:1 | 24808 ||| FLEEEEING.
 24809 | Vaults:1 | 24809 ||| FLEEEEING.
 24810 | Vaults:1 | 24810 ||| FLEEEEING.
 24811 | Vaults:1 | 24811 ||| FLEEEEING.
 24812 | Vaults:1 | 24812 ||| FLEEEEING.
 24813 | Vaults:1 | 24813 ||| FLEEEEING.
 24814 | Vaults:1 | 24814 ||| FLEEEEING.
 24815 | Vaults:1 | 24815 ||| FLEEEEING.
 24816 | Vaults:1 | 24816 ||| FLEEEEING.
 24817 | Vaults:1 | 24817 ||| FLEEEEING.
 24818 | Vaults:1 | 24818 ||| FLEEEEING.
 25436 | Vaults:2 | 25436 ||| FLEEEEING.
 25437 | Vaults:2 | 25437 ||| FLEEEEING.
 25438 | Vaults:2 | 25438 ||| FLEEEEING.
 25439 | Vaults:2 | 25439 ||| FLEEEEING.
 25440 | Vaults:2 | 25440 ||| FLEEEEING.
 25441 | Vaults:2 | 25441 ||| FLEEEEING.
 25442 | Vaults:2 | 25442 ||| FLEEEEING.
 25448 | Vaults:2 | 25448 ||| STAIRDANCE
 25578 | Vaults:2 | 25578 ||| Stepping ~*~*~tactically~*~*~ (retreating).
 25582 | Vaults:2 | 25582 ||| Stepping ~*~*~tactically~*~*~ (retreating).
 25589 | Vaults:2 | 25589 ||| Stepping ~*~*~tactically~*~*~ (retreating).
 25590 | Vaults:2 | 25590 ||| Stepping ~*~*~tactically~*~*~ (retreating).
 25591 | Vaults:2 | 25591 ||| Stepping ~*~*~tactically~*~*~ (retreating).
 25592 | Vaults:2 | 25592 ||| Stepping ~*~*~tactically~*~*~ (retreating).
 25593 | Vaults:2 | 25593 ||| RETREEAATING.
 25594 | Vaults:2 | 25594 ||| Stepping ~*~*~tactically~*~*~ (retreating).
 25595 | Vaults:2 | 25595 ||| Stepping ~*~*~tactically~*~*~ (retreating).
 25596 | Vaults:2 | 25596 ||| Stepping ~*~*~tactically~*~*~ (retreating).
 25597 | Vaults:2 | 25597 ||| DRINKING 2 potions of cancellation.
 25598 | Vaults:2 | 25598 ||| INVOKING Finesse.
 25600 | Vaults:2 | Received a gift from Okawaru
 25627 | Vaults:2 | 25627 ||| READING 8 scrolls of teleportation.
 25839 | Vaults:2 | 25839 ||| RETREEAATING.
 25840 | Vaults:2 | 25840 ||| STILL RETREEAATING.
 25841 | Vaults:2 | 25841 ||| INVOKING Finesse.
 25987 | Vaults:2 | 25987 ||| FLEEEEING.
 25988 | Vaults:2 | 25988 ||| FLEEEEING.
 25989 | Vaults:2 | 25989 ||| FLEEEEING.
 25992 | Vaults:2 | 25992 ||| FLEEEEING.
 25993 | Vaults:2 | 25993 ||| FLEEEEING.
 25994 | Vaults:2 | 25994 ||| FLEEEEING.
 26069 | Vaults:2 | 26069 ||| RETREEAATING.
 26070 | Vaults:2 | 26070 ||| STILL RETREEAATING.
 26071 | Vaults:2 | 26071 ||| Stepping ~*~*~tactically~*~*~ (retreating).
 26072 | Vaults:2 | 26072 ||| STILL RETREEAATING.
 26073 | Vaults:2 | 26073 ||| Stepping ~*~*~tactically~*~*~ (retreating).
 26074 | Vaults:2 | 26074 ||| Stepping ~*~*~tactically~*~*~ (retreating).
 26075 | Vaults:2 | 26075 ||| Stepping ~*~*~tactically~*~*~ (retreating).
 26076 | Vaults:2 | 26076 ||| Stepping ~*~*~tactically~*~*~ (retreating).
 26077 | Vaults:2 | 26077 ||| Stepping ~*~*~tactically~*~*~ (retreating).
 26078 | Vaults:2 | 26078 ||| Stepping ~*~*~tactically~*~*~ (retreating).
 26079 | Vaults:2 | 26079 ||| STILL RETREEAATING.
 26080 | Vaults:2 | 26080 ||| Stepping ~*~*~tactically~*~*~ (retreating).
 26081 | Vaults:2 | 26081 ||| Stepping ~*~*~tactically~*~*~ (retreating).
 26082 | Vaults:2 | 26082 ||| Stepping ~*~*~tactically~*~*~ (retreating).
 26083 | Vaults:2 | 26083 ||| Stepping ~*~*~tactically~*~*~ (retreating).
 26084 | Vaults:2 | 26084 ||| Stepping ~*~*~tactically~*~*~ (retreating).
 26085 | Vaults:2 | 26085 ||| Stepping ~*~*~tactically~*~*~ (retreating).
 26086 | Vaults:2 | 26086 ||| INVOKING Finesse.
 26090 | Vaults:2 | Received a gift from Okawaru
 26230 | Vaults:2 | 26230 ||| Stepping ~*~*~tactically~*~*~ (retreating).
 26232 | Vaults:2 | 26232 ||| Stepping ~*~*~tactically~*~*~ (retreating).
 26298 | Vaults:2 | Found Cuargh's Magic Scroll Shop.
 26425 | Vaults:2 | 26425 ||| RETREEAATING.
 26426 | Vaults:2 | 26426 ||| Stepping ~*~*~tactically~*~*~ (retreating).
 26427 | Vaults:2 | 26427 ||| Stepping ~*~*~tactically~*~*~ (retreating).
 26428 | Vaults:2 | 26428 ||| Stepping ~*~*~tactically~*~*~ (retreating).
 26429 | Vaults:2 | 26429 ||| Stepping ~*~*~tactically~*~*~ (retreating).
 26430 | Vaults:2 | 26430 ||| Stepping ~*~*~tactically~*~*~ (retreating).
 26703 | Vaults:2 | 26703 ||| Stepping ~*~*~tactically~*~*~ (retreating).
 26713 | Vaults:2 | 26713 ||| FLEEEEING.
 26714 | Vaults:2 | 26714 ||| FLEEEEING.
 27050 | Vaults:2 | 27050 ||| READING 14 scrolls of identify.
 27050 | Vaults:2 | 27050 ||| IDENTIFYING viscous clear potion
 27051 | Vaults:2 | 27051 ||| DROPPING potion of invisibility.
 27249 | Vaults:3 | Received a gift from Okawaru
 27299 | Vaults:3 | Reached XP level 20. HP: 144/144 MP: 27/27
 27525 | Vaults:3 | 27525 ||| Stepping ~*~*~tactically~*~*~ (retreating).
 27526 | Vaults:3 | 27526 ||| Stepping ~*~*~tactically~*~*~ (retreating).
 27654 | Vaults:3 | 27654 ||| FLEEEEING.
 27655 | Vaults:3 | 27655 ||| FLEEEEING.
 27656 | Vaults:3 | 27656 ||| FLEEEEING.
 27657 | Vaults:3 | 27657 ||| FLEEEEING.
 27658 | Vaults:3 | 27658 ||| FLEEEEING.
 27659 | Vaults:3 | 27659 ||| FLEEEEING.
 27660 | Vaults:3 | 27660 ||| FLEEEEING.
 27661 | Vaults:3 | 27661 ||| FLEEEEING.
 27662 | Vaults:3 | 27662 ||| FLEEEEING.
 27663 | Vaults:3 | 27663 ||| FLEEEEING.
 27664 | Vaults:3 | 27664 ||| FLEEEEING.
 27665 | Vaults:3 | 27665 ||| FLEEEEING.
 27666 | Vaults:3 | 27666 ||| FLEEEEING.
 27667 | Vaults:3 | 27667 ||| FLEEEEING.
 27670 | Vaults:3 | 27670 ||| FLEEEEING.
 27671 | Vaults:3 | 27671 ||| FLEEEEING.
 27672 | Vaults:3 | 27672 ||| FLEEEEING.
 27673 | Vaults:3 | 27673 ||| FLEEEEING.
 27674 | Vaults:3 | 27674 ||| FLEEEEING.
 27675 | Vaults:3 | 27675 ||| FLEEEEING.
 27676 | Vaults:3 | 27676 ||| FLEEEEING.
 27682 | Vaults:3 | 27682 ||| FLEEEEING.
 27684 | Vaults:3 | 27684 ||| FLEEEEING.
 27685 | Vaults:3 | 27685 ||| FLEEEEING.
 27686 | Vaults:3 | 27686 ||| FLEEEEING.
 27687 | Vaults:3 | 27687 ||| FLEEEEING.
 27691 | Vaults:3 | 27691 ||| STAIRDANCE
 27788 | Vaults:2 | 27788 ||| DROPPING scarf of shadows.
 27792 | Vaults:3 | 27792 ||| STAIRDANCE
 27835 | Vaults:3 | 27835 ||| STAIRDANCE
 27920 | Vaults:3 | 27920 ||| STAIRDANCE
 28013 | Vaults:3 | 28013 ||| STAIRDANCE
 28073 | Vaults:3 | 28073 ||| STAIRDANCE
 28101 | Vaults:2 | 28101 ||| SWAPPING to +0 hand cannon.
 28102 | Vaults:2 | 28102 ||| DROPPING +4 arbalest of the Empty Page {penet,
                  | +Blink Int+2 Dex+5}.
 28103 | Vaults:2 | 28103 ||| READING 4 scrolls of enchant weapon.
 28103 | Vaults:2 | 28103 ||| ENCHANTING +0 hand cannon.
 28104 | Vaults:2 | 28104 ||| READING 3 scrolls of enchant weapon.
 28104 | Vaults:2 | 28104 ||| ENCHANTING +1 hand cannon.
 28105 | Vaults:2 | 28105 ||| READING 2 scrolls of enchant weapon.
 28105 | Vaults:2 | 28105 ||| ENCHANTING +2 hand cannon.
 28106 | Vaults:2 | 28106 ||| READING scroll of enchant weapon.
 28106 | Vaults:2 | 28106 ||| ENCHANTING +3 hand cannon.
 28107 | Vaults:2 | 28107 ||| READING scroll of brand weapon.
 28107 | Vaults:2 | 28107 ||| BRANDING +4 hand cannon.
 28301 | Vaults:3 | 28301 ||| FLEEEEING.
 28302 | Vaults:3 | 28302 ||| FLEEEEING.
 28303 | Vaults:3 | 28303 ||| FLEEEEING.
 28304 | Vaults:3 | 28304 ||| FLEEEEING.
 28305 | Vaults:3 | 28305 ||| FLEEEEING.
 28306 | Vaults:3 | 28306 ||| FLEEEEING.
 28307 | Vaults:3 | 28307 ||| FLEEEEING.
 28308 | Vaults:3 | 28308 ||| FLEEEEING.
 28309 | Vaults:3 | 28309 ||| FLEEEEING.
 28310 | Vaults:3 | 28310 ||| FLEEEEING.
 28311 | Vaults:3 | 28311 ||| FLEEEEING.
 28312 | Vaults:3 | 28312 ||| FLEEEEING.
 28313 | Vaults:3 | 28313 ||| FLEEEEING.
 28314 | Vaults:3 | 28314 ||| FLEEEEING.
 28315 | Vaults:3 | 28315 ||| FLEEEEING.
 28316 | Vaults:3 | 28316 ||| FLEEEEING.
 28317 | Vaults:3 | 28317 ||| FLEEEEING.
 28318 | Vaults:3 | 28318 ||| FLEEEEING.
 28319 | Vaults:3 | 28319 ||| FLEEEEING.
 28321 | Vaults:3 | 28321 ||| FLEEEEING.
 28322 | Vaults:3 | 28322 ||| FLEEEEING.
 28323 | Vaults:3 | 28323 ||| FLEEEEING.
 28324 | Vaults:3 | 28324 ||| FLEEEEING.
 28325 | Vaults:3 | 28325 ||| FLEEEEING.
 28326 | Vaults:3 | 28326 ||| FLEEEEING.
 28327 | Vaults:3 | 28327 ||| FLEEEEING.
 28328 | Vaults:3 | 28328 ||| FLEEEEING.
 28594 | Vaults:3 | 28594 ||| Stepping ~*~*~tactically~*~*~ (retreating).
 28595 | Vaults:3 | 28595 ||| Stepping ~*~*~tactically~*~*~ (retreating).
 28596 | Vaults:3 | 28596 ||| Stepping ~*~*~tactically~*~*~ (retreating).
 28598 | Vaults:3 | 28598 ||| Stepping ~*~*~tactically~*~*~ (retreating).
 28601 | Vaults:3 | 28601 ||| Stepping ~*~*~tactically~*~*~ (retreating).
 28602 | Vaults:3 | 28602 ||| Stepping ~*~*~tactically~*~*~ (retreating).
 28603 | Vaults:3 | 28603 ||| Stepping ~*~*~tactically~*~*~ (retreating).
 28701 | Vaults:3 | Found a staircase to the Crypt.
 28716 | Vaults:3 | Received a gift from Okawaru
 28819 | Vaults:4 | Noticed Jory
 28835 | Vaults:4 | Killed Jory
 29043 | Vaults:4 | Identified the +8 hand axe "Caycw" {heavy, rF- Dex+5}
 29046 | Vaults:4 | 29046 ||| RETREEAATING.
 29047 | Vaults:4 | 29047 ||| STILL RETREEAATING.
 29048 | Vaults:4 | 29048 ||| STILL RETREEAATING.
 29049 | Vaults:4 | 29049 ||| STILL RETREEAATING.
 29050 | Vaults:4 | 29050 ||| STILL RETREEAATING.
 29051 | Vaults:4 | 29051 ||| STILL RETREEAATING.
 29059 | Vaults:4 | 29059 ||| Stepping ~*~*~tactically~*~*~ (retreating).
 29062 | Vaults:4 | 29062 ||| Stepping ~*~*~tactically~*~*~ (retreating).
 29232 | Vaults:4 | 29232 ||| FLEEEEING.
 29233 | Vaults:4 | 29233 ||| FLEEEEING.
 29234 | Vaults:4 | 29234 ||| FLEEEEING.
 29240 | Vaults:4 | 29240 ||| FLEEEEING.
 29241 | Vaults:4 | 29241 ||| FLEEEEING.
 29242 | Vaults:4 | 29242 ||| FLEEEEING.
 29243 | Vaults:4 | 29243 ||| FLEEEEING.
 29245 | Vaults:4 | 29245 ||| FLEEEEING.
 29247 | Vaults:4 | 29247 ||| FLEEEEING.
 29248 | Vaults:4 | 29248 ||| FLEEEEING.
 29253 | Vaults:4 | 29253 ||| FLEEEEING.
 29254 | Vaults:4 | 29254 ||| FLEEEEING.
 29255 | Vaults:4 | 29255 ||| FLEEEEING.
 29256 | Vaults:4 | 29256 ||| FLEEEEING.
 29257 | Vaults:4 | 29257 ||| FLEEEEING.
 29258 | Vaults:4 | 29258 ||| STAIRDANCE
 29304 | Vaults:4 | 29304 ||| STAIRDANCE
 29343 | Vaults:4 | 29343 ||| STAIRDANCE
 29450 | Vaults:4 | 29450 ||| STAIRDANCE
 29455 | Vaults:4 | 29455 ||| STAIRDANCE
 29501 | Vaults:4 | 29501 ||| STAIRDANCE
 29552 | Vaults:4 | 29552 ||| STAIRDANCE
 29601 | Vaults:4 | 29601 ||| STAIRDANCE
 29603 | Vaults:3 | Received a gift from Okawaru
 29656 | Vaults:4 | 29656 ||| FLEEEEING.
 29657 | Vaults:4 | 29657 ||| FLEEEEING.
 29658 | Vaults:4 | 29658 ||| FLEEEEING.
 29659 | Vaults:4 | 29659 ||| STAIRDANCE
 29994 | Vaults:4 | 29994 ||| Stepping ~*~*~tactically~*~*~ (retreating).
 29995 | Vaults:4 | 29995 ||| Stepping ~*~*~tactically~*~*~ (retreating).
 29996 | Vaults:4 | 29996 ||| Stepping ~*~*~tactically~*~*~ (retreating).
 29997 | Vaults:4 | 29997 ||| Stepping ~*~*~tactically~*~*~ (retreating).
 30023 | Vaults:4 | 30023 ||| READING scroll of enchant weapon.
 30023 | Vaults:4 | 30023 ||| ENCHANTING +4 hand cannon of chaos.
 30054 | Vaults:4 | Received a gift from Okawaru
 30671 | Vaults:4 | 30671 ||| Stepping ~*~*~tactically~*~*~ (retreating).
 30672 | Vaults:4 | 30672 ||| Stepping ~*~*~tactically~*~*~ (retreating).
 30673 | Vaults:4 | 30673 ||| INVOKING Finesse.
 30690 | Vaults:4 | 30690 ||| Stepping ~*~*~tactically~*~*~ (retreating).
 30692 | Vaults:4 | 30692 ||| Stepping ~*~*~tactically~*~*~ (retreating).
 30693 | Vaults:4 | 30693 ||| Stepping ~*~*~tactically~*~*~ (retreating).
 30698 | Vaults:4 | HP: 31/145 [orc warlord/+2 heavy halberd (43)]
 30699 | Vaults:4 | 30699 ||| READING 8 scrolls of teleportation.
 30700 | Vaults:4 | 30700 ||| DRINKING 7 potions of heal wounds.
 30701 | Vaults:4 | 30701 ||| DRINKING 6 potions of heal wounds.
 30702 | Vaults:4 | 30702 ||| DRINKING 5 potions of heal wounds.
 30948 | Vaults:4 | HP: 33/140 [yaktaur captain/bolt (6)]
 30949 | Vaults:4 | 30949 ||| READING 7 scrolls of teleportation.
 30950 | Vaults:4 | 30950 ||| DRINKING 4 potions of heal wounds.
 31000 | Vaults:4 | HP: 34/144 [ironbound frostheart/creeping frost (21)]
 31001 | Vaults:4 | 31001 ||| READING 6 scrolls of teleportation.
 31002 | Vaults:4 | 31002 ||| DRINKING 3 potions of heal wounds.
 31003 | Vaults:4 | 31003 ||| DRINKING 2 potions of heal wounds.
 31004 | Vaults:4 | 31004 ||| DRINKING potion of heal wounds.
 31314 | Vaults:4 | Received a gift from Okawaru
 31391 | Vaults:4 | 31391 ||| PLANNING SHOALS:4
 31391 | Vaults:4 | 31391 ||| READING 16 scrolls of identify.
 31391 | Vaults:4 | 31391 ||| IDENTIFYING glowing emerald potion
 31392 | Vaults:4 | 31392 ||| DROPPING potion of berserk rage.
 31753 | Shoals:4 | Entered Level 4 of the Shoals
 31756 | Shoals:4 | 31756 ||| Stepping ~*~*~tactically~*~*~ (retreating).
 31759 | Shoals:4 | 31759 ||| INVOKING Finesse.
 31812 | Shoals:4 | HP: 30/145 [merfolk/+0 halberd[a merfolk impaler] (18)]
 31813 | Shoals:4 | 31813 ||| READING 6 scrolls of teleportation.
 31815 | Shoals:4 | HP: 5/145 [merfolk/+2 trident of pain (12)]
 31838 | Shoals:4 | 31838 ||| READING 5 scrolls of teleportation.
 31843 | Shoals:4 | 31843 ||| READING 4 scrolls of teleportation.
 31850 | Shoals:4 | 31850 ||| READING 3 scrolls of teleportation.
 31852 | Shoals:4 | Found a glowing silver altar of Zin.
 31853 | Shoals:4 | 31853 ||| READING 2 scrolls of teleportation.
 31854 | Shoals:4 | HP: 1/145 [merfolk javelineer/javelin (17)]
 31855 | Shoals:4 | 31855 ||| Stepping ~*~*~tactically~*~*~ (retreating).
 31913 | Shoals:4 | 31913 ||| READING scroll of teleportation.
 31919 | Shoals:4 | HP: 29/145 [merfolk aquamancer/+0 rapier (1)]
 31924 | Shoals:4 | HP: 18/145 [merfolk javelineer/silver javelin (1)]
 31930 | Shoals:4 | HP: 29/145 [merfolk javelineer/silver javelin (1)]
 31933 | Shoals:4 | HP: 4/145 [merfolk/+0 trident[a merfolk javelineer] (15)]
 31938 | Shoals:4 | HP: 4/145 [merfolk javelineer/silver javelin (1)]
 31941 | Shoals:4 | Mangled by a merfolk

Levels and vault maps discovered:
D:1:      dpeg_arrival_stonehenge_8_columns, layout_loops_ring,
          hangedman_abyss_or_decor_lesser_grid
D:2:      layout_basic, uniq_jessica
D:3:      layout_rooms, nicolae_overflow_ecumenical_swirl,
          nemelex_diamond_rough_becter, mainiacjoe_overflow_boulevard,
          mainiacjoe_sewer_entry_somewhere_in_here_1, kennysheep_generic_room_5
D:4:      black_bear_nest_1, layout_loops_ring, st_stairs_7
D:5:      layout_loops_ring, serial_shops, nicolae_stop_n_shop_2,
          nicolae_grassy_gnolls
D:6:      layout_basic, hangedman_abyss_or_decor_stagger
D:7:      nicolae_BIG_FREAKIN_CUBE, layout_cave_pods, trog_book, minitemple,
          serial_shops, shop, shop
D:8:      gammafunk_corrupted_shrine, layout_basic, mainiacjoe_overflow_alcove_4
D:9:      layout_roguey, amcnicky_altar_gilded, skrybe_limestone_x,
          roderic_batcave
D:10:     layout_long_grid, st_stairs_12, dreamdust_princess_corridor
D:11:     layout_long_grid, minmay_lair_entry_grove, david_orc_5
D:12:     layout_roguey, uniq_urug, uniq_sonja
D:13:     layout_grid_maze, grunt_vaults_entry_fortified
D:14:     layout_basic, corexii_hall_statues_l, nicolae_trove_entry_crystal,
          item_on_display_a
D:15:     grunt_enter_depths_giant_problem, layout_basic, due_unseen_surprise
Temple:   nicolae_temple_superstar
Lair:1:   layout_loops_ring
Lair:2:   layout_chaotic_city, pdpol_lair_neglected_garden, serial_bayou_shore_a
Lair:3:   layout_gridlike, mainiacjoe_shoals_entry_four_pools,
          guppyfry_snake_entry_garden, uniq_josephine
Lair:4:   layout_loops_ring, lemuel_old_faithful, uniq_kirke
Lair:5:   hellmonk_lair_end_abyssal_woods, layout_hall_layers, slime_entry_1,
          grunt_megastairs_1
Shoals:1: layout_shoals, st_shoals_ruin, uniq_aizul
Shoals:2: layout_shoals, st_sunken_huts, uniq_ilsuiw, uniq_polyphemus
Shoals:3: layout_shoals, serial_shops, nicolae_shop_tiny_waterfront, uniq_nikola
Shoals:4: shoals_end_hellmonk_holy_island, uniq_donald
Snake:1:  layout_rooms, lemuel_fruit_tree
Snake:2:  layout_misc_corridors, basic_altar
Snake:3:  layout_basic, basic_altar, serial_shops, nicolae_shop_waterfront,
          shop, nicolae_shop_tiny_glass
Snake:4:  snake_pit, layout_misc_corridors, basic_altar,
          minmay_shop_enchanted_jewellery
Orc:1:    layout_caves, basic_altar
Orc:2:    st_orc_ogre_mass, layout_caves, nicolae_shop_clearance, uniq_nessos
Vaults:1: nicolae_vaults_arrows, v_misc_22, ontoclasm_vaults_idyll,
          vaults_room_grid, v_misc_22, v_alt_pattern_6, vaults_dpeg_diagonal,
          nicolae_vaults_network_s, nicolae_vaults_house_2, v_misc_2,
          layout_vaults_omnigrid
Vaults:2: v_misc_30, grunt_vaults_funnel, nicolae_vaults_little_squares_5,
          nicolae_vaults_hexular_roomagon, ontoclasm_vaults_decontamination,
          nicolae_vaults_hexular_roomagon, nicolae_vaults_little_squares_1,
          nicolae_vaults_tetromino_T_2, nicolae_vaults_six-pack, v_misc_17,
          v_alt_pattern_2, v_misc_23, layout_vaults_omnibox, serial_shops, shop
Vaults:3: minmay_crypt_entry_simple_box, nicolae_vaults_little_ls,
          nicolae_vaults_double_plus_1, grunt_vaults_bifocal,
          ontoclasm_vaults_loading_screen, vaults_room_fours,
          ontoclasm_vaults_shuriken, nicolae_vaults_mini_display_case,
          nicolae_vaults_little_squares_2, v_misc_22, nicolae_vaults_what_the_h,
          serial_ice_b, hangedman_vaults_nails, ontoclasm_vaults_ligature,
          v_alt_pattern_6, nicolae_vaults_trapezoid_lopsided_1,
          nicolae_vaults_apartment_1, layout_vaults_ring
Vaults:4: hangedman_vaults_slice, v_misc_31, v_misc_8,
          nicolae_vaults_more_shelving_2, v_rooms_4, dpeg_vaults_hating_casters,
          hangedman_vaults_pinch, v_misc_12, nicolae_vaults_trapezoid_3,
          vaults_room_pools, layout_vaults_chaotic_city, serial_glass, uniq_jory

Skill      XL: |  1  2  3  4  5  6  7  8  9 10 11 12 13 14 15 16 17 18 19 20 |
---------------+-------------------------------------------------------------+-----
Ranged Weapons | 5 6 7 8 10 11 12 13 15 17 18 20 | 20.8
Fighting       | 3 4 5 6 9 10 11 13 15 17 19 20 21 | 21.9
Armour         | 1 2 3 4 5 6 8 11 12 13 14 | 14.0
Dodging        | 2 3 4 5 6 7 9 11 12 13 15 16 | 16.0
Invocations    | 4 7 10 | 10.0
Stealth        | |  1.1

Action                     |  1- 3 |  4- 6 |  7- 9 | 10-12 | 13-15 | 16-18 | 19-21 || total
---------------------------+-------+-------+-------+-------+-------+-------+-------++-------
   Fire: Shortbow          |    90 |   154 |   158 |       |       |       |       ||   402
         Orcbow            |       |       |   219 |       |       |       |       ||   219
         Longbow           |       |       |    13 |   548 |   344 |       |       ||   905
         Arbalest          |       |       |       |       |   580 |  1108 |   463 ||  2151
         Hand cannon       |       |       |       |       |       |       |   523 ||   523
 Invoke: Finesse           |       |       |       |     2 |     5 |     5 |     6 ||    18
         Receive Weapon    |       |       |       |       |     1 |       |       ||     1
         Receive Armour    |       |       |       |       |     1 |       |       ||     1
    Use: Scroll            |     5 |     7 |     7 |     9 |     3 |       |    18 ||    49
         Potion            |       |     2 |     2 |       |     2 |       |     8 ||    14
 Armour: Leather armour    |    13 |       |       |       |       |       |       ||    13
         Ring mail         |       |    47 |   167 |    68 |       |   221 |   414 ||   917
         Acid dragon scale |       |       |       |    75 |       |       |       ||    75
         Troll leather arm |       |       |       |    64 |   197 |     8 |       ||   269
  Dodge: Dodged            |     9 |    49 |   239 |   368 |   503 |   584 |   952 ||  2704

Table legend:
 A = Non-vault XP
 B = Vault XP
 C = Vault XP percentage of total XP
 D = Non-vault monster count
 E = Vault monster count
 F = Vault count percentage of total count
                 A         B        C        D         E       F
            +---------+---------+-------+---------+---------+-------
      Total |  315442 |  174102 |  35.6 |     858 |     367 |  30.0
            +---------+---------+-------+---------+---------+-------
        D:1 |      35 |       0 |   0.0 |      21 |       0 |   0.0
        D:2 |      20 |      37 |  64.9 |      10 |       1 |   9.1
        D:3 |      17 |      23 |  57.5 |       8 |       8 |  50.0
        D:4 |     273 |     154 |  36.1 |      20 |       3 |  13.0
        D:5 |     632 |     123 |  16.3 |      18 |       5 |  21.7
        D:6 |    1373 |       0 |   0.0 |      18 |       0 |   0.0
        D:7 |     438 |       0 |   0.0 |       7 |       0 |   0.0
        D:8 |    1818 |       0 |   0.0 |      28 |       0 |   0.0
        D:9 |    1508 |      12 |   0.8 |      22 |       7 |  24.1
       D:10 |    1358 |     218 |  13.8 |      13 |       1 |   7.1
       D:11 |    4199 |    3065 |  42.2 |      30 |      31 |  50.8
       D:12 |    7505 |    1570 |  17.3 |      17 |       2 |  10.5
       D:13 |    9366 |    7104 |  43.1 |      22 |      13 |  37.1
       D:14 |   10650 |       0 |   0.0 |      22 |       0 |   0.0
       D:15 |    8818 |    1044 |  10.6 |      22 |       1 |   4.3
     Lair:1 |    4118 |       0 |   0.0 |      16 |       0 |   0.0
     Lair:2 |    5342 |       0 |   0.0 |      23 |       0 |   0.0
     Lair:3 |   11963 |    3399 |  22.1 |      37 |      11 |  22.9
     Lair:4 |    3988 |    2235 |  35.9 |      11 |       5 |  31.2
     Lair:5 |   17568 |   16350 |  48.2 |      51 |      55 |  51.9
   Shoals:1 |   12884 |    6862 |  34.8 |      24 |       9 |  27.3
   Shoals:2 |   13723 |   15674 |  53.3 |      25 |      21 |  45.7
   Shoals:3 |   20610 |    2296 |  10.0 |      46 |       1 |   2.1
   Shoals:4 |   11396 |    1611 |  12.4 |      25 |       3 |  10.7
    Snake:1 |   18402 |       0 |   0.0 |      33 |       0 |   0.0
    Snake:2 |   14623 |       0 |   0.0 |      27 |       0 |   0.0
    Snake:3 |   17804 |       0 |   0.0 |      38 |       0 |   0.0
    Snake:4 |   16502 |   26352 |  61.5 |      37 |      38 |  50.7
      Orc:1 |    2100 |       0 |   0.0 |      24 |       0 |   0.0
      Orc:2 |    2129 |   20574 |  90.6 |      23 |      41 |  64.1
   Vaults:1 |   19752 |   16369 |  45.3 |      36 |      26 |  41.9
   Vaults:2 |   34092 |    8389 |  19.7 |      46 |      13 |  22.0
   Vaults:3 |   16184 |   18414 |  53.2 |      25 |      31 |  55.4
   Vaults:4 |   24252 |   22132 |  47.7 |      33 |      22 |  40.0
      Sewer |       0 |      95 | 100.0 |       0 |      19 | 100.0
            +---------+---------+-------+---------+---------+-------
